 Dungeon Crawl Stone Soup version 0.30.0-29-ga12c61a403 (webtiles) character file.

Game seed: 5610790296963216998

77 hawla the Firebug (level 4, -4/33 HPs)
             Began as a Meteoran Fire Elementalist on June 12, 2023.
             Slain by a gnoll
             ... wielding a +0 whip
              (6 damage)
             ... on level 4 of the Dungeon.
             The game lasted 00:03:52 (421 turns).

hawla the Firebug (Meteoran Fire Elementalist)       Turns: 421, Time: 00:03:53

Health: -4/33      AC:  3    Str:  7 (10) XL:     4   Next: 89%
Magic:  1/10       EV: 12    Int: 16 (18) God:
Gold:   36         SH:  0    Dex: 13 (14) Spells: 3/10 levels left

rFire   . . .        i - +1 flail
rCold   . . .        (no shield)
rNeg    . . .        a - +0 robe
rPois   .            (no helmet)
rElec   .            (no cloak)
rCorr   .            (no gloves)
SInv    .            e - +0 pair of boots
Will    .....        (no amulet)
Stlth   +            (no ring)
HPRegen 0.25/turn    (no ring)
MPRegen 0.12/turn

%: no passive effects
@: attractive, glowing
A: sense surroundings 1, otherworldly, glowing, explore regen
a: no special abilities


You were on level 4 of the Dungeon.
You visited 1 branch of the dungeon, and saw 5 of its levels.

You collected 36 gold pieces.

Inventory:

Hand Weapons
 i - a +1 flail (weapon)
Armour
 a - a +0 robe (worn)
 e - a +0 pair of boots (worn)
Wands
 h - a wand of light (10) (quivered)


   Skills:
 - Level 0.1 Fighting
 - Level 2.8 Dodging
 - Level 1.4 Stealth
 - Level 3.8 Spellcasting
 + Level 1.8 Conjurations
 - Level 4.9 Fire Magic


You had 3 spell levels left.
You knew the following spells:

 Your Spells              Type           Power      Damage    Failure   Level
a - Foxfire               Conj/Fire      56%        2x1d6     4%          1
b - Scorch                Fire           36%        2d6       3%          2
c - Flame Wave            Conj/Fire      14%        2d6       38%         4

Your spell library contained the following spells:

 Spells                   Type           Power      Damage    Failure   Level
 Inner Flame              Hex/Fire       11%        N/A       19%         3
 Volatile Blastmotes      Fire/Tloc      22%        2d11      19%         3


Dungeon Overview and Level Annotations

Branches:
Dungeon (5/15) Zot: 2578
 Temple: D:4-7

Altars:
Makhleb

Annotations:
D:4 Eustachio


Innate Abilities, Weirdness & Mutations

You passively map a small area around you.
You are easily found by Zot.
You glow in the dark.
You regain HP and MP as you explore.


Message History

The white imp laughs crazily.
The white imp hits you.
* * * LOW HITPOINT WARNING * * *
The white imp freezes you.
* * * LOW HITPOINT WARNING * * *
The gnoll is attracted toward you.
It was a potion of heal wounds.
You feel much better.
Eustachio mumbles some strange words.
Eustachio blinks!
The gnoll closely misses you. The gnoll hits you with a +0 whip.
The white imp hits you. The white imp freezes you.
As you read the scroll labelled NULITE RUMUDE, it crumbles to dust.
You feel aware of your surroundings.
It was a scroll of magic mapping.
Eustachio hits you with a +0 rapier.
A gnoll comes into view. It is wielding a +0 flail.
The gnoll barely misses you. The gnoll closely misses you.
The white imp closely misses you. The crimson imp barely misses you.
The gnoll is attracted toward you. The gnoll attacks as you move away!
The gnoll closely misses you.
The gnoll shouts!
Eustachio mumbles some strange words.
The gnoll hits you but does no damage. The white imp gestures at you.
The puff of frost misses you. The bat is attracted toward you.
The river rat is attracted toward you. The gnoll is attracted toward you.
You hit Eustachio but do no damage.
Eustachio is heavily wounded.
The bat completely misses you. The bat closely misses you.
The gnoll hits you with a +0 whip. Eustachio closely misses you.
The gnoll hits you with a +0 club. The white imp gestures at you.
The puff of frost hits you!
* * * LOW HITPOINT WARNING * * *
The river rat closely misses you. The bat barely misses you.
You hit Eustachio but do no damage.
Eustachio is heavily wounded.
The bat hits you.
* * * LOW HITPOINT WARNING * * *
The bat hits you but does no damage. The gnoll hits you with a +0 whip.
You die...

*,**,* #.,,...,,**,*
****,**,* #.##..##,##,*
,,**,**+**
#...,..,,.,,*
*,**,*,,,**
#..##.#,.#***
*>**,,,,,,** #..#..#,.#
*,**,,,,,,,**#§.#.##.§#
,,,,,,,,,,,,##..55r#..#
,,,,,,,,,,,,+.§r@g....#
***,,,,,,,,,##.b@grg..#
* **,,,,,,,**####5#####
* **,,,,,** #.# *
**,,,** #.# * *#+#* #†#
* #.# #.# *
#.#########.# *
##.##........#
######...#.########


You could see Eustachio (combustible), 3 gnolls, a crimson imp (summoned), a
river rat (summoned), 2 white imps, a bat (summoned) and 2 rats.

Vanquished Creatures
  A jelly (D:5)
  An iguana (D:5)
  A worm (D:2)
  3 orcs (D:5)
  A goblin (D:2)
  3 hobgoblins
  A quokka (D:4)
  A frilled lizard (D:2)
12 creatures vanquished.

Vanquished Creatures (others)
  60 foxfires
60 creatures vanquished.

Grand Total: 72 creatures vanquished

Notes
Turn   | Place    | Note
-------+----------+-------------------------------------------
     0 | D:1      | hawla the Meteoran Fire Elementalist began the quest for
                  | the Orb.
     0 | D:1      | Reached XP level 1. HP: 14/14 MP: 5/5
    97 | D:2      | Reached XP level 2. HP: 20/20 MP: 0/6
   100 | D:2      | Learned a level 2 spell: Scorch
   222 | D:3      | Reached skill level 4 in Fire Magic
   262 | D:4      | Found a burning altar of Makhleb.
   362 | D:4      | Noticed Eustachio
   373 | D:5      | Entered Level 5 of the Dungeon
   384 | D:5      | Reached XP level 3. HP: 11/26 MP: 0/8
   384 | D:5      | Reached XP level 4. HP: 15/33 MP: 0/10
   401 | D:5      | Learned a level 4 spell: Flame Wave
   421 | D:4      | Slain by a gnoll

Illustrated notes

Levels and vault maps discovered:
D:1:      minmay_arrival_open_corners, layout_loops_corners
D:2:      layout_basic, basic_altar, minmay_cut_off, uniq_terence
D:3:      layout_loops_ring, nemelex_diamond_rough_becter, lemuel_crystal_altar,
          hangedman_decor_clover_reticule, uniq_crazy_yiuf_cottage
D:4:      layout_loops_corners, amcnicky_altar_gilded, guppyfry_early_orc_mine,
          uniq_blork_the_orc, uniq_edmund, uniq_eustachio, uniq_menkaure,
          uniq_pikel
D:5:      layout_gridville, mainiacjoe_overflow_small_starburst,
          gammafunk_ghost_grave

Skill      XL: |  1  2 |
---------------+-------+-----
Fire Magic     | 4 |  4.9
Spellcasting   | 3 |  3.8
Fighting       | |  0.1
Dodging        | |  2.8
Stealth        | |  1.4
Conjurations   | |  1.8

Action                     |  1- 3 |  4- 6 || total
---------------------------+-------+-------++-------
  Melee: Unarmed           |     5 |       ||     5
         Flail             |       |     2 ||     2
   Cast: Foxfire           |    31 |     3 ||    34
         Scorch            |       |     6 ||     6
    Use: Potion            |       |     4 ||     4
         Scroll            |       |     2 ||     2
 Armour: Robe              |     1 |     2 ||     3
  Dodge: Dodged            |       |    14 ||    14
